 Dungeon Crawl Stone Soup version 0.20.0-15-g7f486f2 (webtiles) character file.

104790 Chiseanne the Devastator (level 15, -3/90 HPs)
             Began as a Demonspawn Wizard on June 11, 2017.
             Was the Champion of Vehumet.
             Slain by a merfolk
             ... wielding a +0 trident
              (9 damage)
             ... on level 2 of the Shoals on June 13, 2017.
             The game lasted 02:23:44 (31434 turns).

Chiseanne the Devastator (Demonspawn Wizard)       Turns: 31434, Time: 02:23:45

Health: -3/90      AC: 18    Str:  7    XL:     15   Next: 92%
Magic:  0/42       EV: 17    Int: 36    God:    Vehumet [******]
Gold:   871        SH: 15    Dex: 19    Spells: 4/43 levels left

rFire    + . .     SeeInvis +   s - staff of conjuration
rCold    + . .     Gourm    .   F - +3 shield {rF+}
rNeg     . . .     Faith    +   k - +0 ring mail "Qeysk" {+Blink rF- Int+7 Dex+2 Slay+2} (curse)
rPois    .         Spirit   +   j - +2 helmet
rElec    .         Reflect  .   C - +0 cloak
rCorr    +         Harm     .   Y - +1 pair of gloves of Liberty {rF+ Int+3 SInv Stlth+}
MR       +....                  V - +1 pair of boots of the Cockroach {rCorr}
Stlth    ++........             Q - amulet of faith
Regen    0.3/turn               W - ring of magical power
MPRegen  0.6/turn               A - ring of protection from cold

@: agile, lethally poisoned (-3 -> -6), engulfed (cannot breathe), very slow
A: claws 2, slimy green scales 2, powered by pain 3, augmentation 1, magic
shield, magic regeneration
a: Renounce Religion, Evoke Blink


You were on level 2 of the Shoals.
You worshipped Vehumet.
Vehumet was exalted by your worship.
You were not hungry.

You visited 5 branches of the dungeon, and saw 26 of its levels.
You also visited: Labyrinth and Ice Cave.

You collected 2797 gold pieces.
You spent 1926 gold pieces at shops.

Inventory:

Hand Weapons
 d - a +7 scimitar of protection
 f - a +4 scimitar of flaming
Missiles
 G - a throwing net (quivered)
Armour
 e - a +1 troll leather armour {Purgy}
 j - a +2 helmet (worn)
 k - the cursed +0 ring mail "Qeysk" (worn) {+Blink rF- Int+7 Dex+2 Slay+2}
   (You bought it in a shop on level 2 of the Orcish Mines)

   It affects your intelligence (+7).
   It affects your dexterity (+2).
   It affects your accuracy and damage with ranged weapons and melee attacks
   (+2).
   It makes you vulnerable to fire.
   It lets you blink.
   It has a curse placed upon it.
 C - a +0 cloak (worn)
 F - a +3 shield of fire resistance (worn)
 P - a +2 pair of boots of stealth
 V - the +1 pair of boots of the Cockroach (worn) {rCorr}
   (You found it on level 6 of the Lair of Beasts)

   It protects you from acid and corrosion.
 Y - the +1 pair of gloves of Liberty (worn) {rF+ Int+3 SInv Stlth+}
   (You bought it in a shop on level 2 of the Orcish Mines)

   It affects your intelligence (+3).
   It protects you from fire.
   It lets you see invisible.
   It makes you more stealthy.
 Z - the cursed +1 robe of Listlessness {rC++ MR+}
   (You bought it in a shop on level 2 of the Orcish Mines)

   It greatly protects you from cold.
   It affects your resistance to hostile enchantments.
   It has a curse placed upon it.
Magical Staves
 a - an uncursed staff of wizardry
 s - an uncursed staff of conjuration (weapon)
Jewellery
 l - an uncursed amulet of regeneration
 m - a +4 ring of protection
 A - a ring of protection from cold (right hand)
 D - an uncursed ring of positive energy
 Q - an amulet of faith (around neck)
 W - a ring of magical power (left hand)
Wands
 b - a wand of digging (7/24)
 c - a wand of lightning (13/15)
 u - a wand of acid (11/15)
 z - a wand of digging (1/24)
Scrolls
 g - 4 scrolls of fog
 h - 5 scrolls of teleportation
 i - 4 scrolls of blinking
 r - 4 scrolls of remove curse
 x - a scroll of immolation
 y - 3 scrolls of identify
 K - a scroll of summoning
 S - 4 scrolls of magic mapping
Potions
 n - 4 potions of resistance
 o - a potion of agility
 v - 11 potions of curing
 w - 2 potions of heal wounds
 E - 3 potions of haste
 M - 2 potions of cancellation
 N - 2 potions of berserk rage
 T - a potion of brilliance
Books
 p - a book of Clouds

   Spells                             Type                      Level
   a - Poisonous Vapours              Poison/Air                   2
   b - Mephitic Cloud                 Conjuration/Poison/Air       3
   c - Conjure Flame                  Conjuration/Fire             3
   d - Freezing Cloud                 Conjuration/Ice/Air          6
   e - Ring of Flames                 Charms/Fire                  7
Miscellaneous
 L - a lamp of fire
 O - a fan of gales
 R - a lightning rod (4/4)
Comestibles
 q - 6 chunks of flesh
 t - 9 meat rations
 B - 4 royal jellies
 H - 19 fruits
 J - 15 bread rations


   Skills:
 - Level 6.5 Armour
 - Level 5.0 Dodging
 - Level 1.7 Stealth
 * Level 11.4 Shields
 * Level 14.7 Spellcasting
 * Level 15.6 Conjurations
   Level 1.0 Summonings
 - Level 0.8 Translocations
 * Level 2.3 Fire Magic
 - Level 6.9 Ice Magic
 - Level 5.0 Air Magic


You had 4 spell levels left.
You knew the following spells:

 Your Spells              Type           Power        Failure   Level  Hunger
a - Magic Dart            Conj           ####         0%          1    None
b - Iskenderun's Battles  Conj/Chrm      #######.     2%          5    None
c - Dazzling Spray        Conj/Hex       ######       1%          3    None
d - Mephitic Cloud        Conj/Pois/Air  #######.     1%          3    None
e - Bolt of Fire          Conj/Fire      #######...   7%          6    #......
f - Stone Arrow           Conj/Erth      ######       1%          3    None
g - Blink                 Tloc           N/A          7%          2    None
h - Conjure Flame         Conj/Fire      #######.     1%          3    None
i - Freezing Cloud        Conj/Ice/Air   #######...   6%          6    #......
j - Bolt of Cold          Conj/Ice       ########..   2%          6    #......
k - Apportation           Tloc           ####..       4%          1    None


Dungeon Overview and Level Annotations

Branches:
Dungeon (15/15)            Temple (1/1) D:7            Lair (6/6) D:11
 Shoals (2/4) Lair:3       Spider (0/4) Lair:2        Slime (0/5) Lair:6
    Orc (2/2) D:12            Elf (0/3) Orc:2        Vaults (0/5) D:14
 Depths (0/5) D:15

Altars:
Ashenzari
Cheibriados
Dithmenos
Elyvilon
Fedhas
Gozag
Hepliaklqana
Kikubaaqudgha
Makhleb
Nemelex Xobeh
Okawaru
Qazlal
Ru
Sif Muna
Trog
Uskayaw
Vehumet
Xom
Yredelemnul
Zin
The Shining One
Beogh

Shops:
D:10 (   D:12 }   D:14 !   Orc:2 **[*[

Annotations:
D:2 exclusion: upstairs
Orc:2 exclusion: 2 upstairs


Innate Abilities, Weirdness & Mutations

You have very sharp fingernails.
You are mostly covered in slimy green scales. (AC +3)
You are powered by pain.
Your magical and physical power is slightly enhanced at high health.
When hurt, damage is shared between your health and your magic reserves.
You regenerate magic rapidly.


Message History

The merfolk avatar's song is interrupted.
The merfolk aquamancer points at you and mumbles some strange words.
The torrent of water passes through the water elemental.
You block the torrent of water.
The wave splashes down.
Splash!
You fall into the shallow water.
Moving in this stuff is going to be slow.
The water elemental misses you. The water elemental hits you!
* * * LOW HITPOINT WARNING * * *
The water elemental closely misses you.
You hear a shout!
A water elemental comes into view.
Your unstable footing causes you to fumble your attack.
* * * LOW HITPOINT WARNING * * *
Your lungs strain for air!
You feel sick.
The centaur shoots an arrow.
The arrow hits you.
* * * LOW HITPOINT WARNING * * *
You hear a splash.
The merfolk hits you from afar with a trident!
You die...

...≈≈≈≈....?.
.....≈≈≈......
....≈≈≈≈.....
≈≈≈.≈≈≈≈≈≈≈≈≈≈≈..c#
≈≈≈.≈≈≈≈≈≈≈≈≈≈≈...#### .
≈≈≈≈≈≈...≈≈≈≈≈≈≈.....#..
≈≈≈≈≈....≈≈..≈≈≈.m.§....
≈≈.........t..≈E.§§§....
≈≈...# #..###..E@§≈§....
≈≈.?.# #. #.mE≈*.....#
≈≈..m###.####mm≈.......#
.≈..$..t.((..m.≈........
...m...m.E.....≈≈...#...
<.....m.≈≈≈≈≈≈≈≈≈≈......
.....≈≈≈≈≈≈≈≈≈≈....... .
≈≈≈≈≈≈≈≈≈≈≈≈≈≈≈.....≈≈.
≈≈≈≈≈≈≈≈≈≈≈≈........≈


You could see a merfolk avatar (confused), a merfolk aquamancer, a snapping
turtle, 3 merfolk, 4 water elementals, a centaur and a friendly battlesphere.

Vanquished Creatures
  Rupert (D:14)
  Kirke (D:14)
  Aizul (Shoals:2)
  Nessos (D:14)
  3 dire elephants (Lair:6)
  A merfolk impaler (Shoals:1)
  A minotaur (Lab)
  An ogre mage (D:14)
  2 hydras (D:12)
  5 centaur warriors
  An anaconda (Lair:6)
  Erica (Orc:1)
  12 two-headed ogres
  4 death yaks (Lair:6)
  Urug (D:14)
  An orc high priest (Orc:2)
  3 deep elf knights (D:13)
  A fire crab (Lair:6)
  A skeletal warrior (D:14)
  A death drake (shapeshifter) (D:14)
  A sea snake (Shoals:1)
  3 unseen horrors
  A deep elf archer (D:13)
  Pikel (D:4)
  A deep troll (D:15)
  A wizard (D:15)
  4 lindwurms (Lair:2)
  A necromancer (IceCv)
  An orc knight (D:15)
  5 orc sorcerers (Orc:2)
  A wolf spider (Lair:2)
  2 ugly things
  4 manticores
  16 deep elf magi (D:13)
  7 oklob plants (Lair:6)
  3 cyclopes
  3 fauns (Shoals:1)
  5 elephants
  A water nymph (Shoals:1)
  2 centaur zombies
  7 black mambas
  4 ice statues (IceCv)
  5 merfolk sirens
  Maurice (D:8)
  2 gargoyles
  3 kobold demonologists (D:15)
  10 spiny frogs
  6 ice devils (IceCv)
  An efreet (D:13)
  8 komodo dragons
  A tengu conjurer (D:15)
  A freezing wraith (D:15)
  A harpy zombie (D:14)
  A jumping spider (Lair:2)
  A polar bear (Lair:3)
  11 trolls
  Prince Ribbit (Lair:3)
  6 hippogriffs
  6 merfolk
  2 hornets (Lair:2)
  3 blink frogs (Lair:3)
  9 slime creatures
  2 meliai zombies
  A spriggan (D:7)
  3 shadows
  Sigmund (D:3)
  A redback (Lair:2)
  15 humans
  25 yaks
  3 wyverns
  A steam dragon (D:11)
  2 basilisks
  2 hogs (D:14)
  3 hungry ghosts
  Edmund (D:6)
  2 wargs (Orc:1)
  13 water moccasins
  2 soldier ants
  6 porcupines
  Purgy (D:4)
  21 orc warriors
  2 black bears
  A hornet zombie (D:12)
  An eye of draining (D:10)
  3 ice beasts
  4 sky beasts
  3 slaves (D:4)
  3 phantoms
  10 wolves
  11 ogres
  12 centaurs
  10 crocodiles
  Blork the orc (D:4)
  7 big kobolds
  13 bullfrogs
  A wyvern zombie (D:14)
  2 gnoll sergeants
  A wyvern skeleton (D:13)
  9 scorpions
  7 killer bees
  4 wights (D:14)
  8 howler monkeys
  7 crimson imps
  A bullfrog zombie (D:10)
  3 quasits
  A jelly (D:7)
  9 hounds
  2 bullfrog skeletons
  27 orc priests
  Crazy Yiuf (D:3)
  9 centaur skeletons
  A gnoll shaman (D:10)
  40 orc wizards
  4 iguanas
  Natasha (D:2)
  5 hell rats (Lair:5)
  17 worker ants
  A troll simulacrum (IceCv)
  A killer bee zombie (D:8)
  A hound zombie (D:8)
  A howler monkey zombie (D:6)
  A worker ant zombie (D:9)
  Robin (D:3)
  26 gnolls
  24 adders
  7 shadow imps
  3 oozes
  4 adder zombies
  4 worms
  3 dart slugs
  3 leopard geckos
  70 orcs
  8 giant cockroaches
  9 goblins
  13 hobgoblins
  6 jackals
  2 quokkas
  A ball python (D:1)
  A ball python skeleton (D:4)
  6 bats
  8 frilled lizards
  48 kobolds
  A leopard gecko zombie (D:5)
  6 rats
  4 bushes (Lair:6)
  2 fungi
  9 plants
816 creatures vanquished.

Vanquished Creatures (others)
  An unseen horror (D:12)
  5 humans (D:14)
  A killer bee (D:12)
  14 fungi
  19 plants
40 creatures vanquished.

Grand Total: 856 creatures vanquished

Notes
Turn   | Place    | Note
-------+----------+-------------------------------------------
     0 | D:1      | Chiseanne the Demonspawn Wizard began the quest for the Orb.
     0 | D:1      | Reached XP level 1. HP: 13/13 MP: 4/4
   366 | D:1      | Gained mutation: When hurt, damage is shared between your health and your magic reserves. [demonic ancestry]
   366 | D:1      | Reached XP level 2. HP: 19/19 MP: 0/6
   473 | D:1      | Reached skill level 2 in Conjurations
   960 | D:1      | Gained mutation: You sometimes gain a little power by taking damage. [demonic ancestry]
   960 | D:1      | Reached XP level 3. HP: 24/24 MP: 0/8
  1144 | D:1      | Learned a level 2 spell: Blink
  1148 | D:1      | Learned a level 3 spell: Conjure Flame
  1152 | D:1      | Learned a level 3 spell: Mephitic Cloud
  2018 | D:1      | Gained mutation: You sometimes gain power by taking damage. [demonic ancestry]
  2018 | D:1      | Reached XP level 4. HP: 22/30 MP: 0/9
  2020 | D:1      | Reached skill level 3 in Conjurations
  2177 | D:2      | Noticed Natasha
  2200 | D:2      | Killed Natasha
  2973 | D:2      | Found a faded altar of an unknown god.
  2980 | D:2      | Gained mutation: You are partially covered in slimy green scales. (AC +2) [demonic ancestry]
  2980 | D:2      | Reached XP level 5. HP: 32/35 MP: 4/11
  3731 | D:3      | Found a runed door.
  3921 | D:3      | Noticed Sigmund
  3935 | D:3      | Killed Sigmund
  3935 | D:3      | Reached skill level 4 in Conjurations
  3935 | D:3      | Gained mutation: You have sharp fingernails. [demonic ancestry]
  3935 | D:3      | Reached XP level 6. HP: 41/41 MP: 1/13
  4047 | D:3      | Noticed Robin
  4094 | D:3      | Killed Robin
  4137 | D:3      | Reached skill level 5 in Spellcasting
  4452 | D:3      | Noticed Crazy Yiuf
  4461 | D:3      | Killed Crazy Yiuf
  4697 | D:4      | Reached skill level 5 in Conjurations
  5038 | D:4      | Noticed a slave
  5069 | D:4      | Killed a slave
  5277 | D:4      | Reached XP level 7. HP: 46/46 MP: 8/15
  5375 | D:4      | Noticed Purgy
  5376 | D:4      | Noticed Blork the orc
  5893 | D:4      | Noticed Pikel
  5928 | D:5      | Entered Level 5 of the Dungeon
  6217 | D:5      | Found a glowing silver altar of Zin.
  6434 | D:5      | Reached skill level 6 in Conjurations
  7411 | D:5      | Gained mutation: You are mostly covered in slimy green scales. (AC +3) [demonic ancestry]
  7411 | D:5      | Reached XP level 8. HP: 52/52 MP: 11/17
  7772 | D:4      | Killed Purgy
  8219 | D:4      | Killed Blork the orc
  8219 | D:4      | Reached skill level 1 in Armour
  8219 | D:4      | Reached skill level 7 in Conjurations
  8426 | D:4      | Killed Pikel
  8605 | D:6      | Noticed Edmund
  8623 | D:6      | Killed Edmund
  8650 | D:6      | Gained mutation: You have very sharp fingernails. [demonic ancestry]
  8650 | D:6      | Reached XP level 9. HP: 53/57 MP: 6/20
  9894 | D:6      | Reached skill level 8 in Conjurations
 10375 | D:7      | Found a staircase to the Ecumenical Temple.
 10448 | Temple   | Entered the Ecumenical Temple
 10583 | Temple   | Became a worshipper of Vehumet
 11255 | D:7      | Found a hide-covered altar of Uskayaw.
 11255 | D:7      | Found a shadowy altar of Dithmenos.
 11677 | D:7      | Reached skill level 5 in Dodging
 11819 | D:8      | Found a basalt altar of Yredelemnul.
 11861 | D:8      | Reached * piety under Vehumet
 11861 | D:8      | Offered knowledge of Shock by Vehumet.
 11972 | D:8      | Noticed Maurice
 11991 | D:8      | Killed Maurice
 11991 | D:8      | Gained mutation: You regenerate magic rapidly. [demonic ancestry]
 11991 | D:8      | Reached XP level 10. HP: 63/63 MP: 7/22
 12197 | D:8      | Reached skill level 9 in Conjurations
 12229 | D:8      | Reached skill level 5 in Armour
 12578 | D:8      | Noticed a two-headed ogre
 12609 | D:8      | Killed a two-headed ogre
 12752 | D:8      | Noticed a two-headed ogre
 12771 | D:8      | Killed a two-headed ogre
 13002 | D:9      | Reached ** piety under Vehumet
 13011 | D:9      | Offered knowledge of Searing Ray by Vehumet.
 13383 | D:9      | Reached skill level 10 in Conjurations
 13884 | D:9      | Offered knowledge of Inner Flame by Vehumet.
 14271 | D:9      | Found an iron altar of Okawaru.
 14361 | D:9      | Reached *** piety under Vehumet
 14401 | D:9      | Gained mutation: You are powered by pain. [demonic ancestry]
 14401 | D:9      | Reached XP level 11. HP: 68/68 MP: 8/24
 14571 | D:10     | Entered Level 10 of the Dungeon
 14605 | D:10     | Noticed a two-headed ogre
 14611 | D:10     | Killed a two-headed ogre
 14611 | D:10     | Reached skill level 1 in Shields
 14611 | D:10     | Reached skill level 10 in Spellcasting
 14680 | D:10     | Found Seqo's Antique Weapon Emporium.
 14720 | D:10     | Killed an unseen horror
 15072 | D:10     | Found a white marble altar of Elyvilon.
 15269 | D:10     | Noticed a two-headed ogre
 15293 | D:10     | Killed a two-headed ogre
 15513 | D:10     | Learned a level 5 spell: Lightning Bolt
 15582 | D:10     | Killed an unseen horror
 15635 | D:10     | Offered knowledge of Dazzling Spray by Vehumet.
 15942 | D:11     | Reached skill level 11 in Conjurations
 16137 | D:11     | Noticed a two-headed ogre
 16218 | D:11     | Killed a two-headed ogre
 16290 | D:11     | Noticed a white ugly thing
 16305 | D:11     | Killed a white ugly thing
 16311 | D:11     | Reached **** piety under Vehumet
 16531 | D:11     | Learned a level 3 spell: Dazzling Spray
 16821 | D:11     | Found a staircase to the Lair.
 16842 | D:11     | Offered knowledge of Stone Arrow by Vehumet.
 16893 | D:11     | Learned a level 3 spell: Stone Arrow
 17255 | D:11     | Reached skill level 5 in Shields
 17631 | D:12     | Noticed a green ugly thing
 17633 | D:12     | Killed an unseen horror
 17633 | D:12     | Reached XP level 12. HP: 63/74 MP: 16/27
 17747 | D:12     | Got a heavily runed large shield
 17749 | D:12     | Identified the +8 large shield "Ruwac" {MR+ Dex+2} (You found it on level 12 of the Dungeon)
 17835 | D:12     | Found a frozen archway.
 17847 | D:12     | Noticed a seven-headed hydra
 17861 | D:12     | Killed a seven-headed hydra
 17913 | IceCv    | Entered an ice cave
 18168 | IceCv    | Reached skill level 12 in Conjurations
 18654 | IceCv    | HP: 5/111 [something (6)]
 18819 | IceCv    | Got a transparent ring mail
 18821 | IceCv    | Got a translucent scale mail
 19100 | D:12     | Reached ***** piety under Vehumet
 19105 | D:12     | Offered knowledge of Iskenderun's Battlesphere by Vehumet.
 19201 | D:12     | Found a staircase to the Orcish Mines.
 19218 | D:12     | Learned a level 5 spell: Iskenderun's Battlesphere
 19304 | D:12     | Noticed a five-headed hydra
 19314 | D:12     | Killed a five-headed hydra
 19569 | D:12     | Identified the cursed +0 ring mail of Wuerier {rF+ rCorr Int-2 Slay+5} (You found it in an ice cave)
 20014 | D:12     | Found Arghunim's Gadget Emporium.
 20358 | D:13     | Got a shimmering falchion
 20359 | D:13     | Identified the cursed +0 falchion of the Past {venom, +Rage} (You found it on level 13 of the Dungeon)
 20655 | D:13     | Noticed a centaur warrior
 20663 | D:13     | Gained mutation: Your magical and physical power is slightly enhanced at high health. [demonic ancestry]
 20663 | D:13     | Reached XP level 13. HP: 44/79 MP: 5/29
 20673 | D:13     | Reached skill level 13 in Conjurations
 21127 | D:13     | Identified the +2 scale mail of the Devil's Team {rF+ Str+4 SInv} (You found it in an ice cave)
 21330 | D:13     | Got a smoking scale mail
 21412 | D:13     | Offered knowledge of Freezing Cloud by Vehumet.
 21420 | D:13     | Learned a level 6 spell: Freezing Cloud
 21567 | D:14     | Found a gate to the Vaults.
 21567 | D:14     | Noticed Nessos
 21567 | D:14     | Noticed Urug
 21567 | D:14     | Noticed Rupert
 21774 | D:14     | Noticed Kirke
 21783 | D:14     | Killed Kirke
 22004 | D:14     | Reached skill level 1 in Air Magic
 22067 | D:14     | Reached skill level 1 in Ice Magic
 22111 | D:14     | Killed Nessos
 22282 | D:14     | Killed Urug
 22302 | D:14     | Reached skill level 14 in Conjurations
 22330 | D:14     | Found Inenwuecs's Distillery.
 22345 | D:14     | Bought a potion of heal wounds for 80 gold pieces
 22345 | D:14     | Bought a potion of invisibility for 128 gold pieces
 22345 | D:14     | Bought a potion of curing for 48 gold pieces
 22345 | D:14     | Bought a potion of haste for 160 gold pieces
 22345 | D:14     | Bought a potion of curing for 48 gold pieces
 22345 | D:14     | Bought 2 potions of curing for 96 gold pieces
 22345 | D:14     | Bought 2 potions of agility for 128 gold pieces
 22506 | D:14     | Reached XP level 14. HP: 85/85 MP: 8/31
 22512 | D:14     | Killed Rupert
 22731 | D:15     | Entered Level 15 of the Dungeon
 23080 | D:15     | Identified the +0 scale mail of the Salamander {+Blink MR- Str+5 Dex+4} (You found it on level 13 of the Dungeon)
 23141 | D:15     | Offered knowledge of Venom Bolt by Vehumet.
 24203 | D:15     | Reached skill level 10 in Shields
 24357 | D:15     | Found a staircase to the Depths.
 24558 | Lair:1   | Entered Level 1 of the Lair of Beasts
 24605 | Lair:1   | Found a labyrinth entrance.
 24638 | Lab      | Entered a labyrinth
 25841 | Lair:2   | Found a hole to the Spider Nest.
 26151 | Lair:2   | Reached skill level 5 in Air Magic
 26167 | Lair:2   | Offered knowledge of Bolt of Cold by Vehumet.
 26222 | Lair:2   | Learned a level 6 spell: Bolt of Cold
 26605 | Lair:3   | Reached skill level 5 in Ice Magic
 26654 | Lair:3   | Noticed Prince Ribbit
 26660 | Lair:3   | Killed Prince Ribbit
 26812 | Lair:3   | Found a staircase to the Shoals.
 27331 | Lair:4   | Reached XP level 15. HP: 90/90 MP: 22/33
 27489 | Lair:4   | Learned a level 1 spell: Apportation
 27594 | Lair:5   | Offered knowledge of Bolt of Fire by Vehumet.
 27603 | Lair:5   | Learned a level 6 spell: Bolt of Fire
 27821 | Lair:6   | Entered Level 6 of the Lair of Beasts
 27917 | Lair:6   | Found a staircase to the Slime Pits.
 28452 | Lair:6   | Reached skill level 15 in Conjurations
 29174 | Lair:6   | Identified the +1 pair of boots of the Cockroach {rCorr} (You found it on level 6 of the Lair of Beasts)
 29521 | Orc:1    | Entered Level 1 of the Orcish Mines
 29642 | Orc:2    | Entered Level 2 of the Orcish Mines
 29656 | Orc:2    | Reached ****** piety under Vehumet
 29668 | Orc:2    | Offered knowledge of Conjure Ball Lightning by Vehumet.
 29967 | Orc:2    | Found Emok's General Store.
 29967 | Orc:2    | Found Vaenizepp's Armour Shop.
 29967 | Orc:2    | Found Zill's Antique Armour Boutique.
 29970 | Orc:2    | Found Mizaewag's General Store.
 29978 | Orc:2    | Bought a pair of scorched gloves for 294 gold pieces
 29978 | Orc:2    | Bought a steaming robe for 176 gold pieces
 29979 | Orc:2    | Identified the +1 pair of gloves of Liberty {rF+ Int+3 SInv Stlth+} (You bought it in a shop on level 2 of the Orcish Mines)
 29991 | Orc:2    | Identified the cursed +1 robe of Listlessness {rC++ MR+} (You bought it in a shop on level 2 of the Orcish Mines)
 29995 | Orc:2    | Bought the cursed +0 ring mail "Qeysk" {+Blink rF- Int+7 Dex+2 Slay+2} for 600 gold pieces
 30011 | Orc:2    | Bought a scroll of fog for 28 gold pieces
 30112 | Orc:2    | Found a staircase to the Elven Halls.
 30190 | Orc:2    | Found Coamaup's Assorted Antiques.
 30200 | Orc:2    | Bought a pitted granite ring for 140 gold pieces
 30209 | Orc:2    | Identified the ring of Pukualiv {*Drain MR+ Dex+3 Slay+2 Stlth+} (You bought it in a shop on level 2 of the Orcish Mines)
 30260 | Orc:2    | Found a roughly hewn altar of Beogh.
 30514 | Orc:1    | Reached skill level 1 in Fire Magic
 30784 | Orc:1    | Noticed Erica
 30791 | Orc:1    | Offered knowledge of Poison Arrow by Vehumet.
 30797 | Orc:1    | Killed Erica
 31152 | Shoals:1 | Entered Level 1 of the Shoals
 31412 | Shoals:2 | Noticed Aizul
 31420 | Shoals:2 | Killed Aizul
 31434 | Shoals:2 | Slain by a merfolk

Skill      XL: |  1  2  3  4  5  6  7  8  9 10 11 12 13 14 15 |
---------------+----------------------------------------------+-----
Conjurations   | 2 3 4 5 6 7 8 10 11 12 14 15 | 15.6
Spellcasting   | 4 5 6 7 8 9 11 12 13 14 | 14.7
Armour         | 2 4 6 |  6.5
Dodging        | 3 5 |  5.0
Shields        | 5 7 9 10 11 | 11.4
Air Magic      | 2 5 |  5.0
Ice Magic      | 2 5 6 |  6.9
Fire Magic     | 2 |  2.3
Stealth        | |  1.7
Summonings     | |  1.0
Translocations | |  0.8

Action                   |  1- 3 |  4- 6 |  7- 9 | 10-12 | 13-15 || total
-------------------------+-------+-------+-------+-------+-------++-------
Melee: Unarmed           |    11 |       |    12 |       |       ||    23
       Club              |    11 |       |       |       |       ||    11
       Short sword       |     8 |    22 |       |       |       ||    30
       Quarterstaff      |       |     7 |   166 |    43 |       ||   216
       Scimitar          |       |       |       |   191 |    31 ||   222
       Staff             |       |       |       |    12 |     3 ||    15
       Whip              |       |       |       |       |     8 ||     8
 Fire: Blowgun           |       |       |     5 |       |       ||     5
 Cast: Magic Dart        |    83 |   164 |   398 |   810 |   688 ||  2143
       Mephitic Cloud    |     2 |     3 |    19 |    43 |    43 ||   110
       Conjure Flame     |       |     3 |    11 |    54 |    19 ||    87
       Blink             |       |       |       |     4 |     4 ||     8
       Stone Arrow       |       |       |       |    99 |    41 ||   140
       Lightning Bolt    |       |       |       |     9 |     3 ||    12
       Dazzling Spray    |       |       |       |     7 |    68 ||    75
       Iskenderun's Batt |       |       |       |    15 |   149 ||   164
       Freezing Cloud    |       |       |       |       |    56 ||    56
       Bolt of Fire      |       |       |       |       |    20 ||    20
       Bolt of Cold      |       |       |       |       |    18 ||    18
       Apportation       |       |       |       |       |     2 ||     2
Evoke: Wand              |       |       |       |     5 |    16 ||    21
  Use: Scroll            |     4 |     4 |    10 |    22 |    21 ||    61
       Potion            |       |     2 |     2 |     2 |     7 ||    13
 Stab: Confused          |     1 |       |     6 |     5 |       ||    12
       Petrified         |       |       |     8 |       |       ||     8
       Petrifying        |       |       |     2 |       |       ||     2
       Paralysed         |       |       |       |       |     5 ||     5
  Eat: Chunk             |     3 |    11 |    21 |    25 |    50 ||   110
       Royal jelly       |       |       |       |     2 |     3 ||     5
       Fruit             |       |       |       |     1 |       ||     1
Armor: Robe              |     5 |     8 |    10 |       |       ||    23
       Troll leather arm |       |       |   131 |   227 |    82 ||   440
       Skin              |       |       |     1 |       |       ||     1
       Ring mail         |       |       |       |       |     4 ||     4
Dodge: Dodged            |    35 |    27 |   225 |   275 |   105 ||   667
Block: Shield            |       |       |       |   171 |   166 ||   337
       Rpst.: Scimitar   |       |       |       |    33 |     3 ||    36
